 Dungeon Crawl Stone Soup version 0.23-a0-612-gcb482e9 (webtiles) character file.

33 Borgoz the Skirmisher (level 3, 0/30 (31) HPs)
             Began as a Ghoul Abyssal Knight on Dec 21, 2018.
             Was a Follower of Lugonu.
             Slain by a hobgoblin
             ... wielding a +0 club
              (5 damage)
             ... on level 2 of the Dungeon.
             The game lasted 00:01:36 (1101 turns).

Borgoz the Skirmisher (Ghoul Abyssal Knight)        Turns: 1101, Time: 00:01:36

HP:   0/30 (31)     AC:  3    Str: 15    XL:     3   Next: 29%
MP:   3/3           EV: 11    Int:  7    God:    Lugonu [*.....]
Gold: 57            SH:  3    Dex:  9    Spells: 2/2 levels left

rFire    . . .     SeeInvis .     - Unarmed
rCold    + . .     Gourm    .   (no shield)
rNeg     + + +     Faith    .   a - +0 leather armour
rPois    ∞         Spirit   .   (no helmet)
rElec    .         Reflect  +   (no cloak)
rCorr    .         Harm     .   (no gloves)
MR       .....                  (no boots)
Stlth    +.........             h - +3 amulet of reflection
HPRegen  0.00/turn              (no ring)
MPRegen  0.08/turn              (no ring)

@: rotting
A: rotting body, claws 1, carnivore, cold resistance 1, negative energy
resistance 3, inhibited regeneration, torment resistance, unbreathing
a: Depart the Abyss, Renounce Religion


You were on level 2 of the Dungeon.
You worshipped Lugonu.
Lugonu was aware of your devotion.
You were not hungry.

You visited 1 branch of the dungeon, and saw 2 of its levels.
You visited the Abyss 1 time.

You collected 57 gold pieces.

Inventory:

Armour
 a - a +0 leather armour (worn)
Jewellery
 h - a +3 amulet of reflection (around neck)
Scrolls
 c - a scroll of enchant armour {unknown}
 d - 2 scrolls of remove curse {unknown}
 e - a scroll of random uselessness {unknown}
 g - 2 scrolls of identify {unknown}
 i - a scroll of noise {unknown}
Comestibles
 b - 6 rations
 f - a chunk of flesh


   Skills:
 + Level 3.6 Fighting
 + Level 2.1 Armour
 + Level 1.4 Dodging
 + Level 2.6 Unarmed Combat
 + Level 2.4 Invocations


You had 2 spell levels left.
You didn't know any spells.
Your spell library was empty.

Dungeon Overview and Level Annotations

Branches:
Dungeon (2/15)

Altars:
Gozag

Annotations:
D:2 Natasha


Innate Abilities, Weirdness & Mutations

Your body is rotting away.
You thrive on raw meat.
You are immune to poison.
You have sharp fingernails.
You are carnivorous and can eat meat at any time.
Your flesh is cold resistant. (rC+)
You are immune to negative energy. (rN+++)
You do not regenerate when monsters are visible.
You are immune to unholy pain and torment.
You can survive without breathing.


Message History

You barely miss the hobgoblin.
The hobgoblin is heavily wounded.
The hobgoblin barely misses you.
You scratch the hobgoblin but do no damage.
The hobgoblin is moderately wounded.
The hobgoblin hits you with a +0 club.
* * * LOW HITPOINT WARNING * * *
You scratch the hobgoblin.
The hobgoblin is severely wounded.
The hobgoblin hits you with a +0 club.
* * * LOW HITPOINT WARNING * * *
Unknown command.
Natasha casts a spell.
Natasha mumbles some strange words.
There is an open door here.
You see here a whip.
Natasha hisses.
There is a stone staircase leading up here.
The hobgoblin hits you with a +0 club.
You die...

###(.......# #5# #........#
#.# #........# #.######
#........# ### ###......#
#÷.###.### #.# #.#......#
#.##.....## #####.# #.##55...#
#.#.8...8.###.h...# #....#...#
#.#.......#..g###.###....#....
#....._......@# #..)'....+.)..
###.......#..## #####....###.#
#.8...8.#.## ####.# .#
##.....##.# #.# # ###.###..#
### #.....## ######


You could see Natasha and a hobgoblin.

Vanquished Creatures
  2 adders (D:2)
  A dart slug (D:1)
  A leopard gecko (D:2)
  2 bats
  A hobgoblin (D:1)
  3 frilled lizards (D:1)
  2 kobolds (D:1)
  3 rats (D:1)
15 creatures vanquished.

Notes
Turn   | Place    | Note
-------+----------+-------------------------------------------
     0 | Abyss:1  | Borgoz the Ghoul Abyssal Knight began the quest for the
                  | Orb.
     0 | Abyss:1  | Reached XP level 1. HP: 19/19 MP: 1/1
    29 | Abyss:1  | Noticed a neqoxec
    30 | D:1      | Escaped the Abyss
   190 | D:1      | Reached skill level 1 in Dodging
   425 | D:1      | Reached XP level 2. HP: 23/25 MP: 2/2
   428 | D:1      | Reached * piety under Lugonu
   749 | D:2      | Reached XP level 3. HP: 10/31 MP: 3/3
   953 | D:2      | Found an opulent altar of Gozag.
  1073 | D:2      | Noticed Natasha
  1101 | D:2      | Slain by a hobgoblin

Vault maps used:
D:1:      minmay_arrival_semitransparent
D:2:      grunt_gozag_statues, uniq_natasha

Skill      XL: |  1  2 |
---------------+-------+-----
Dodging        | 1 |  1.4
Armour         | 2 |  2.1
Fighting       | |  3.6
Unarmed Combat | |  2.6
Invocations    | |  2.4

Action                   || total
-------------------------++-------
Melee: Unarmed           ||    64
       Punch             ||     1
Invok: Depart the Abyss  ||     1
  Eat: Chunk             ||     5
Armor: Leather armour    ||    12
Dodge: Dodged            ||    34
Block: Other             ||     6

Table legend:
 A = Non-vault XP
 B = Vault XP
 C = Vault XP percentage of total XP
 D = Non-vault monster count
 E = Vault monster count
 F = Vault count percentage of total count
                 A         B        C        D         E       F
            +---------+---------+-------+---------+---------+-------
      Total |      48 |       0 |   0.0 |      15 |       0 |   0.0
            +---------+---------+-------+---------+---------+-------
        D:1 |      16 |       0 |   0.0 |      11 |       0 |   0.0
        D:2 |      32 |       0 |   0.0 |       4 |       0 |   0.0
            +---------+---------+-------+---------+---------+-------
